[Event "49° Campionato Italiano Assoluto ASCID"]
[Site "Rivabella (RN)"]
[Date "2022.08.30"]
[Round "3"]
[White "De Fazio, Monica"]
[Black "Tolaro, Filippa"]
[Result "0-1"]
[Board "10"]
[WhiteElo "999"]
[BlackElo "1335"]
[TimeControl "40/6000+30:1200+30"]
[ECO "D06"]
[Opening "QGD"]
[Variation "Marshall defence"]
[PlyCount "58"]
[EventDate "2022.08.29"]
[EventRounds "7"]
[EventCountry "ITA"]
[Annotator "Bersca0.53"]

1. d4 d5 2. c4 Nf6 3. Nc3 Bf5 4. Bg5 c6 5. e3 e6 6. Nf3 Nbd7 7. Be2 Be7 8. O-O Qb6 9. Rb1 O-O 10. Bd3 Bxd3 11. Qxd3 Rac8 12. Ne5 Nxe5 13. dxe5 Nh5 14. Bxe7 Rfe8 15. Bg5 Qc7 16. Qe2 h6 17. Qxh5 hxg5 18. Qxg5 c5 19. Nb5 Qd8 20. Nd6 Qxg5 21. Nxe8 Rxe8 22. f4 Qh5 23. Rbc1 Qe2 24. Rfe1 Qxb2 25. cxd5 b6 26. d6 Qxa2 27. d7 Rd8 28. Rcd1 c4 29. Rd6 Qa4 0-1

[Event "49° Campionato Italiano Assoluto ASCID"]
[Site "Rivabella (RN)"]
[Date "2022.08.31"]
[Round "4"]
[White "Casadei, Marco"]
[Black "Kowalczyk, Martin"]
[Result "1-0"]
[Board "1"]
[WhiteElo "1997"]
[BlackElo "1872"]
[TimeControl "40/6000+30:1200+30"]
[ECO "C42"]
[Opening "Petrov"]
[Variation "Nimzovich attack"]
[PlyCount "107"]
[EventDate "2022.08.29"]
[EventRounds "7"]
[EventCountry "ITA"]
[Annotator "Bersca0.53"]

1. e4 e5 2. Nf3 Nf6 3. Nxe5 d6 4. Nf3 Nxe4 5. Nc3 Nf6 6. d4 Be7 7. Bd3 O-O
8. O-O Re8 9. h3 b6 10. Bf4 Bb7 11. Re1 a6 12. Ne4 Nxe4 13. Bxe4 Bxe4 14.
Rxe4 Nd7 15. Qd3 Nf6 16. Re2 Nh5 17. Bd2 Bf8 18. Bg5 f6 19. Bd2 Rxe2 20.
Qxe2 g6 21. Re1 Ng7 22. d5 Qe8 23. Qc4 Qf7 24. Nd4 a5 25. Bc3 Re8 26. Ne6
Nxe6 27. Rxe6 Rxe6 28. dxe6 Qe7 29. f4 f5 30. g4 fxg4 31. hxg4 Bg7 32. Bxg7
Kxg7 33. Qc3+ Kg8 34. Qe3 Kf8 35. f5 Qh4 36. Qf3 Kg7 37. fxg6 Qe1+ 38. Kg2
Qxe6 39. gxh7 Kxh7 40. Qf5+ Qxf5 41. gxf5 Kg7 42. Kf3 d5 43. Kg4 Kf6 44.
Kf4 a4 45. Kg4 c5 46. Kf4 b5 47. c3 b4 48. cxb4 cxb4 49. Kg4 Ke7 50. Kg5
Kf7 51. f6 b3 52. a3 d4 53. Kf4 Kxf6 54. Ke4 1-0

[Event "49° Campionato Italiano Assoluto ASCID"]
[Site "Rivabella (RN)"]
[Date "2022.08.31"]
[Round "4"]
[White "Caputi, Giuliano"]
[Black "Vrioni, Bersan"]
[Result "0-1"]
[Board "2"]
[WhiteElo "1732"]
[BlackElo "1925"]
[TimeControl "40/6000+30:1200+30"]
[ECO "C41"]
[Opening "Philidor"]
[Variation "exchange variation"]
[PlyCount "46"]
[EventDate "2022.08.29"]
[EventRounds "7"]
[EventCountry "ITA"]
[Annotator "Bersca0.53"]

1. e4 e5 2. Nf3 d6 3. d4 exd4 4. Qxd4 Nc6 5. Bb5 Bd7 6. Bxc6 Bxc6 7. Nc3
Nf6 8. Bg5 Be7 9. O-O-O O-O 10. Rhe1 Nd7 11. Bxe7 Qxe7 12. Nd5 Qd8 13. h4
Re8 14. g4 Ne5 15. Nxe5 dxe5 16. Qe3 Bxd5 17. Rxd5 Qxh4 18. Qf3 Qg5+ 19.
Kb1 Rad8 20. Red1 Rxd5 21. Rxd5 Rd8 22. Qd1 Rxd5 23. Qxd5 h5 0-1

[Event "49° Campionato Italiano Assoluto ASCID"]
[Site "Rivabella (RN)"]
[Date "2022.08.31"]
[Round "4"]
[White "Badano, Giancarlo"]
[Black "Poli, Diego"]
[Result "1-0"]
[Board "3"]
[WhiteElo "1729"]
[BlackElo "1665"]
[TimeControl "40/6000+30:1200+30"]
[ECO "B23"]
[Opening "Sicilian"]
[Variation "closed, Korchnoi variation"]
[PlyCount "65"]
[EventDate "2022.08.29"]
[EventRounds "7"]
[EventCountry "ITA"]
[Annotator "Bersca0.53"]

1. e4 c5 2. Nc3 e6 3. g3 d5 4. exd5 exd5 5. d4 Nf6 6. Bg2 cxd4 7. Qxd4 Nc6 8. 
Qd1 d4 9. Ne4 Nxe4 10. Bxe4 Bb4+ 11. Bd2 Qe7 12. Qe2 Bxd2+ 13. Kxd2 O-O 14. Re1 
Qg5+ 15. Kd1 Be6 16. Nf3 Qc5 17. a3 Rfe8 18. Nd2 Rac8 19. f4 Bd5 20. Qd3 Bxe4 
21. Rxe4 Rxe4 22. Qxe4 Rd8 23. Re1 g6 24. Qd3 Qh5+ 25. Nf3 Qd5 26. Kd2 f6 27. 
Qb3 Qxb3 28. cxb3 Kf7 29. b4 b5 30. Rc1 Rd6 31. Rc5 a5 32. Rxb5 axb4 33. a4 1-0

[Event "49° Campionato Italiano Assoluto ASCID"]
[Site "Rivabella (RN)"]
[Date "2022.08.31"]
[Round "4"]
[White "Soppelsa, Maurizio"]
[Black "Zenini, Simone"]
[Result "1/2-1/2"]
[Board "4"]
[WhiteElo "1617"]
[BlackElo "1411"]
[TimeControl "40/6000+30:1200+30"]
[ECO "E73"]
[Opening "King's Indian"]
[Variation "5.Be2"]
[PlyCount "62"]
[EventRounds "7"]
[EventCountry "ITA"]
[Annotator "Bersca0.53"]

1. d4 Nf6 2. c4 g6 3. Nc3 Bg7 4. e4 d6 5. Be2 O-O 6. Nf3 e5 7. dxe5 dxe5 8.
O-O Qxd1 9. Rxd1 c6 10. Be3 Na6 11. h3 Be6 12. Rd2 b6 13. Rad1 Rfe8 14. Rd6
c5 15. Ng5 Bf8 16. R6d2 Nb4 17. Nxe6 Rxe6 18. Bg5 Nc6 19. Bxf6 Rxf6 20. Nd5
Rd6 21. Ne7+ Bxe7 22. Rxd6 Bxd6 23. Rxd6 Nd4 24. Bd1 Ne6 25. Rd5 Rd8 26.
Bg4 Rxd5 27. exd5 Nd8 28. Kf1 Kf8 29. Ke2 h5 30. Bf3 Ke7 31. g4 hxg4 1/2-1/2

[Event "49° Campionato Italiano Assoluto ASCID"]
[Site "Rivabella (RN)"]
[Date "2022.08.31"]
[Round "4"]
[White "Pezzolato, Erica"]
[Black "Pugliese, Giuseppe Franco"]
[Result "1-0"]
[Board "5"]
[WhiteElo "1462"]
[BlackElo "1551"]
[TimeControl "40/6000+30:1200+30"]
[ECO "A30"]
[Opening "English"]
[Variation "symmetrical variation"]
[PlyCount "49"]
[EventRounds "7"]
[EventCountry "ITA"]
[Annotator "Bersca0.53"]

1. c4 c5 2. Nf3 Nc6 3. g3 Nf6 4. Bg2 e6 5. O-O Be7 6. Nc3 O-O 7. d3 d6 8.
Bd2 Bd7 9. a3 a5 10. Qc2 Nd4 11. Nxd4 cxd4 12. Ne4 Nxe4 13. Bxe4 Bc6 14.
Bxc6 bxc6 15. b4 axb4 16. axb4 Rxa1 17. Rxa1 Qb8 18. Qa4 Qb7 19. b5 c5 20.
Qa6 Rb8 21. Qxb7 Rxb7 22. Ra8+ Bf8 23. Ba5 f6 24. b6 Kf7 25. Ra7 1-0

[Event "49° Campionato Italiano Assoluto ASCID"]
[Site "Rivabella (RN)"]
[Date "2022.08.31"]
[Round "4"]
[White "Trapletti, Cosetta"]
[Black "Vilone, Gennaro"]
[Result "0-1"]
[Board "6"]
[WhiteElo "1245"]
[BlackElo "1249"]
[ECO "D00"]
[Opening "Queen's pawn, Mason variation"]
[PlyCount "52"]
[TimeControl "40/6000+30:1200+30"]
[EventDate "2022.08.29"]
[EventRounds "7"]
[EventCountry "ITA"]
[Annotator "Bersca0.53"]

1. d4 d5 2. Bf4 Bf5 3. e3 e6 4. c4 Bxb1 5. Rxb1 Bb4+ 6. Ke2 dxc4 7. Qc2 b5
8. a3 Ba5 9. b4 cxb3 10. Qc5 Qd5 11. Bxc7 Qxc5 12. dxc5 Bxc7 13. Rxb3 a6
14. e4 Nf6 15. Nf3 O-O 16. g3 Nxe4 17. Bg2 Nxc5 18. Nd4 Nxb3 19. Bxa8 Nxd4+
20. Ke3 Nc2+ 21. Kd3 Nxa3 22. Be4 Nc4 23. Rc1 Rd8+ 24. Kc3 Be5+ 25. Kb3
Nd2+ 26. Kc2 Nxe4 0-1

[Event "49° Campionato Italiano Assoluto ASCID"]
[Site "Rivabella (RN)"]
[Date "2022.08.31"]
[Round "4"]
[White "Tolaro, Filippa"]
[Black "Ionata, Lorenzo"]
[Result "1-0"]
[Board "7"]
[WhiteElo "1335"]
[BlackElo "999"]
[TimeControl "40/6000+30:1200+30"]
[ECO "A06"]
[Opening "Reti opening"]
[PlyCount "90"]
[EventRounds "7"]
[EventCountry "ITA"]
[Annotator "Bersca0.53"]

1. Nf3 d5 2. d4 e6 3. e3 c5 4. b3 Nf6 5. Bb2 Nc6 6. Bd3 Bd6 7. Nbd2 O-O 8.
O-O Re8 9. Ne5 Qc7 10. f4 h5 11. c4 Nb4 12. Be2 g6 13. Rf3 b6 14. Rg3 Ne4
15. Nxe4 dxe4 16. Bxh5 Kf8 17. Be2 Bxe5 18. dxe5 Rd8 19. Qf1 Nc2 20. Rd1
Nxe3 21. Rxd8+ Qxd8 22. Qc1 Nf5 23. Rh3 Ke7 24. g4 Nd4 25. Re3 Nxe2+ 26.
Rxe2 Bb7 27. Re1 Qc8 28. Rd1 Qc6 29. Qd2 Kf8 30. Qd6+ Ke8 31. Qxc6+ Bxc6
32. Bc3 e3 33. h4 e2 34. Rd6 Bf3 35. Kf2 Bxg4 36. a3 Rb8 37. b4 cxb4 38.
Bxb4 Rc8 39. Rd4 b5 40. c5 f5 41. Be1 Rxc5 42. Rd3 Rc4 43. Rg3 Bh5 44. Rb3
Rc1 45. Kg2 Rxe1 1-0

[Event "49° Campionato Italiano Assoluto ASCID"]
[Site "Rivabella (RN)"]
[Date "2022.08.31"]
[Round "4"]
[White "Delmonte, Davide"]
[Black "Parravano, Luca"]
[Result "1-0"]
[Board "8"]
[WhiteElo "1132"]
[BlackElo "999"]
[TimeControl "40/6000+30:1200+30"]
[ECO "D06"]
[Opening "QGD"]
[Variation "Marshall defence"]
[PlyCount "69"]
[EventRounds "7"]
[EventCountry "ITA"]
[Annotator "Bersca0.53"]

1. d4 d5 2. c4 Nf6 3. Nf3 Bg4 4. Qa4+ Qd7 5. Qc2 Nc6 6. Bg5 Ne4 7. Bf4 e6 8. a3 Bd6 9. Bxd6 Qxd6 10. cxd5 exd5 11. e3 a6 12. Bd3 Bxf3 13. Bxe4 Bxe4 14.
Qb3 b5 15. Nc3 Bxg2 16. O-O-O Bxh1 17. Rxh1 Ne7 18. e4 Qf4+ 19. Kb1 Qf3 20. Re1 Qd3+ 21. Ka1 O-O 22. exd5 Nxd5 23. Rd1 Qc4 24. Qxc4 bxc4 25. Nxd5 Ra7 26.
Ne7+ Kh8 27. h4 Re8 28. Nc6 Raa8 29. d5 Re2 30. b4 cxb3 31. Kb1 Rae8 32. d6 cxd6 33. Rxd6 Rc2 34. Rd8 Rxc6 35. Rxe8# 1-0

[Event "49° Campionato Italiano Assoluto ASCID"]
[Site "Rivabella (RN)"]
[Date "2022.08.31"]
[Round "4"]
[White "Gamba, Annamaria"]
[Black "Bellati, Fabio"]
[Result "0-1"]
[Board "9"]
[WhiteElo "999"]
[BlackElo "999"]
[TimeControl "40/6000+30:1200+30"]
[ECO "C44"]
[Opening "Ponziani"]
[Variation "Jaenisch counter-attack"]
[PlyCount "68"]
[EventRounds "7"]
[EventCountry "ITA"]
[Annotator "Bersca0.53"]

1. e4 e5 2. Nf3 Nc6 3. c3 Nf6 4. d4 Nxe4 5. dxe5 Bc5 6. Be3 Bxe3 7. fxe3 d5
8. Bb5 Bg4 9. O-O O-O 10. h3 Bxf3 11. Rxf3 Nxe5 12. Rf1 a6 13. Ba4 b5 14.
Bb3 Qg5 15. Bxd5 Rad8 16. Qd4 c6 17. Qxe4 Rxd5 18. Rf5 Qe7 19. c4 bxc4 20.
Nc3 Ra5 21. Rh5 g6 22. Rg5 Qxg5 23. a3 Nd3 24. Rf1 Nxb2 25. Ne2 Rxa3 26. h4
Qxe3+ 27. Qxe3 Rxe3 28. Kf2 Rfe8 29. Nf4 Nd3+ 30. Nxd3 cxd3 31. Rd1 Re2+
32. Kg3 d2 33. Kh2 Rd8 34. Kg1 Re1+ 0-1

[Event "49° Campionato Italiano Assoluto ASCID"]
[Site "Rivabella (RN)"]
[Date "2022.08.31"]
[Round "4"]
[White "Balsamo, Selida"]
[Black "De Fazio, Monica"]
[Result "0-1"]
[Board "10"]
[WhiteElo "999"]
[BlackElo "999"]
[TimeControl "40/6000+30:1200+30"]
[ECO "C02"]
[Opening "French"]
[Variation "advance variation"]
[PlyCount "54"]
[EventRounds "7"]
[EventCountry "ITA"]
[Annotator "Bersca0.53"]

1. e4 e6 2. d4 d5 3. e5 c5 4. Be3 Nd7 5. c3 Ne7 6. Nf3 Nc6 7. Be2 Be7 8.
O-O O-O 9. Na3 a6 10. c4 cxd4 11. Nxd4 Bc5 12. Nxc6 bxc6 13. Bxc5 Nxc5 14.
cxd5 exd5 15. Rc1 Qb6 16. Qd4 Nd7 17. Qc3 Bb7 18. Bg4 Qc7 19. f4 f5 20.
exf6 Nxf6 21. Be6+ Kh8 22. Nc4 dxc4 23. Qxc4 Rae8 24. f5 Qb6+ 25. Kh1 Qxb2
26. Rcd1 c5 27. Qxc5 Qxg2# 0-1

[Event "49° Campionato Italiano Assoluto ASCID"]
[Site "Rivabella (RN)"]
[Date "2022.09.01"]
[Round "5"]
[White "Vrioni, Bersan"]
[Black "Casadei, Marco"]
[Result "1/2-1/2"]
[Board "1"]
[WhiteElo "1925"]
[BlackElo "1997"]
[TimeControl "40/6000+30:1200+30"]
[ECO "B21"]
[Opening "Sicilian"]
[Variation "Smith-Morra gambit"]
[PlyCount "23"]
[EventRounds "7"]
[EventCountry "ITA"]
[Annotator "Bersca0.53"]

1. e4 c5 2. d4 cxd4 3. Nf3 g6 4. Nxd4 Bg7 5. c4 Nc6 6. Be3 d6 7. Be2 Nf6 8.
Nc3 O-O 9. f3 Nd7 10. Qd2 Qa5 11. Rc1 a6 12. O-O 1/2-1/2

[Event "49° Campionato Italiano Assoluto ASCID"]
[Site "Rivabella (RN)"]
[Date "2022.09.01"]
[Round "5"]
[White "Kowalczyk, Martin"]
[Black "Badano, Giancarlo"]
[Result "1-0"]
[Board "2"]
[WhiteElo "1872"]
[BlackElo "1729"]
[TimeControl "40/6000+30:1200+30"]
[ECO "C69"]
[Opening "Ruy Lopez"]
[Variation "exchange variation, 5.O-O"]
[PlyCount "85"]
[EventRounds "7"]
[EventCountry "ITA"]
[Annotator "Bersca0.53"]

1. e4 e5 2. Nf3 Nc6 3. Bb5 a6 4. Bxc6 dxc6 5. O-O Bg4 6. h3 Bxf3 7. Qxf3
Qf6 8. Qe3 b6 9. Qe2 Bc5 10. d3 Ne7 11. Nd2 b5 12. Nb3 Bb6 13. Be3 Ng6 14.
g3 a5 15. a4 b4 16. Kg2 O-O 17. Bc5 Rfd8 18. Qe3 Rab8 19. Nd2 Nf8 20. Nc4
Nd7 21. Bxb6 cxb6 22. f4 exf4 23. gxf4 c5 24. Kh2 Qd4 25. Qxd4 cxd4 26. Rg1
h6 27. Kg3 Nc5 28. b3 Rdc8 29. Rg2 Rc6 30. f5 g5 31. e5 Re8 32. h4 Nd7 33.
Re1 f6 34. e6 Nc5 35. hxg5 hxg5 36. Rh2 Kf8 37. Rh7 Nxe6 38. Rh8+ Kf7 39.
Rxe8 Kxe8 40. Rxe6+ Rxe6 41. fxe6 Ke7 42. Nxb6 Kxe6 43. Nc4 1-0

[Event "49° Campionato Italiano Assoluto ASCID"]
[Site "Rivabella (RN)"]
[Date "2022.09.01"]
[Round "5"]
[White "Zenini, Simone"]
[Black "Pezzolato, Erica"]
[Result "1/2-1/2"]
[Board "3"]
[WhiteElo "1411"]
[BlackElo "1462"]
[TimeControl "40/6000+30:1200+30"]
[ECO "A45"]
[Opening "Queen's pawn game"]
[PlyCount "40"]
[EventRounds "7"]
[EventCountry "ITA"]
[Annotator "Bersca0.53"]

1. d4 Nf6 2. Bf4 g6 3. e3 Bg7 4. Nd2 O-O 5. h3 d6 6. c3 Nbd7 7. Bh2 Re8 8.
Ngf3 e5 9. dxe5 Nxe5 10. Nxe5 dxe5 11. e4 Nd7 12. Be2 a5 13. O-O b6 14. Bg3
Bb7 15. f3 Nc5 16. Rc1 Qg5 17. Bf2 Bh6 18. Nb3 Nxb3 19. Qxb3 Rad8 20. Rcd1
Rd2 1/2-1/2

[Event "49° Campionato Italiano Assoluto ASCID"]
[Site "Rivabella (RN)"]
[Date "2022.09.01"]
[Round "5"]
[White "Pugliese, Giuseppe Franco"]
[Black "Soppelsa, Maurizio"]
[Result "1/2-1/2"]
[Board "4"]
[WhiteElo "1551"]
[BlackElo "1617"]
[TimeControl "40/6000+30:1200+30"]
[ECO "B12"]
[Opening "Caro-Kann"]
[Variation "advance variation"]
[PlyCount "82"]
[EventRounds "7"]
[EventCountry "ITA"]
[Annotator "Bersca0.53"]

1. e4 c6 2. d4 d5 3. e5 Bf5 4. Bd3 Bxd3 5. Qxd3 Qa5+ 6. Bd2 Qb6 7. b3 e6 8.
Nf3 Nd7 9. Nc3 a6 10. Na4 Qc7 11. b4 b6 12. Qe3 Ne7 13. O-O Ng6 14. Ne1 c5
15. c3 Qc6 16. Nb2 Be7 17. f4 c4 18. a4 b5 19. a5 O-O-O 20. f5 exf5 21.
Rxf5 Qe6 22. Rf1 h6 23. Nf3 Rhf8 24. Qe2 Rde8 25. Rae1 Bd8 26. Qd1 Qg4 27.
h3 Qg3 28. Nh2 Qh4 29. Qf3 Qe7 30. Qxd5 Qe6 31. Qxe6 Rxe6 32. Nf3 Re7 33.
g3 Rfe8 34. Kf2 f6 35. exf6 Nxf6 36. Rxe7 Rxe7 37. Kg2 Ne4 38. Be1 Kd7 39.
Nd1 Nf6 40. Rf2 Nd5 41. Rf1 Bc7 1/2-1/2

[Event "49° Campionato Italiano Assoluto ASCID"]
[Site "Rivabella (RN)"]
[Date "2022.09.01"]
[Round "5"]
[White "Bellati, Fabio"]
[Black "Caputi, Giuliano"]
[Result "0-1"]
[Board "5"]
[WhiteElo "999"]
[BlackElo "1732"]
[TimeControl "40/6000+30:1200+30"]
[ECO "A16"]
[Opening "English opening"]
[PlyCount "40"]
[EventRounds "7"]
[EventCountry "ITA"]
[Annotator "Bersca0.53"]

1. c4 Nf6 2. Nc3 c5 3. g3 Nc6 4. Bg2 d6 5. e4 e5 6. d3 Be7 7. Nf3 O-O 8.
O-O Nd5 9. Be3 Nc7 10. Qd2 a6 11. a4 Rb8 12. Nd5 Ne6 13. Bh3 Ned4 14. Nxe7+
Qxe7 15. Bg5 f6 16. Qd1 Bxh3 17. Nxd4 Nxd4 18. Bh4 g5 19. Bxg5 fxg5 20. Re1
g4 0-1

[Event "49° Campionato Italiano Assoluto ASCID"]
[Site "Rivabella (RN)"]
[Date "2022.09.01"]
[Round "5"]
[White "Poli, Diego"]
[Black "Tolaro, Filippa"]
[Result "1-0"]
[Board "6"]
[WhiteElo "1665"]
[BlackElo "1335"]
[TimeControl "40/6000+30:1200+30"]
[ECO "D04"]
[Opening "Queen's pawn game"]
[PlyCount "85"]
[EventRounds "7"]
[EventCountry "ITA"]
[Annotator "Bersca0.53"]

1. d4 d5 2. Nf3 Nf6 3. e3 Bf5 4. c4 c5 5. Qb3 Qb6 6. dxc5 Qxb3 7. axb3 e6 8. b4 
Nc6 9. Bd2 a6 10. b5 Na7 11. c6 bxc6 12. Rxa6 Bxb1 13. b6 Bc5 14. bxa7 O-O 15. 
Ne5 Rxa7 16. Rxa7 Bxa7 17. Nxc6 Bc5 18. b4 Rc8 19. cxd5 Nxd5 20. Bb5 Nxb4 21. 
O-O Bd3 22. Rc1 Bxb5 23. Ne7+ Kf8 24. Nxc8 Nd3 25. Rb1 Ba6 26. Rb8 f5 27. Nb6+ 
Kf7 28. Na4 Bd6 29. Rb6 Bb4 30. Bxb4 Nxb4 31. Rxb4 Bd3 32. Nc5 Bc2 33. f4 g6 34. 
Rb6 e5 35. fxe5 h5 36. e6+ Ke8 37. Rb7 g5 38. e7 f4 39. exf4 gxf4 40. Ne6 Be4 
41. Ng7+ Kf7 42. e8=Q+ Kf6 43. Qxe4 1-0

[Event "49° Campionato Italiano Assoluto ASCID"]
[Site "Rivabella (RN)"]
[Date "2022.09.01"]
[Round "5"]
[White "Delmonte, Davide"]
[Black "Bosetti, Giancarlo"]
[Result "1/2-1/2"]
[Board "7"]
[WhiteElo "1132"]
[BlackElo "1356"]
[TimeControl "40/6000+30:1200+30"]
[ECO "D30"]
[Opening "QGD"]
[PlyCount "67"]
[EventRounds "7"]
[EventCountry "ITA"]
[Annotator "Bersca0.53"]

1. d4 d5 2. c4 e6 3. Nf3 Nf6 4. Bg5 Bd7 5. Nc3 h6 6. Bf4 Bd6 7. Bxd6 cxd6 8. e3 dxc4 9. Bxc4 d5 10. Bd3 Nc6 11. O-O Nb4 12. Bb5 Bxb5 13. Nxb5 a6 14. Nc3 O-O 15. a3 Nc6 16. Qc2 Rc8 17. Nh4 Qd7 18. Rfe1 Ne7 19. Rad1 Rc7 20. Rc1 b5 21. e4 dxe4 22. Nxe4 Nxe4 23. Qxe4 Qd5 24. Qg4 Qg5 25. Qe4 Qd5 26. Qxd5 exd5 27. Nf3 g5 28. h4 Kg7 29. h5 Rxc1 30. Rxc1 Re8 31. Rc7 Rc8 32. Rd7 Kf6 33. Ra7 a5 34. Rxa5 1/2-1/2

[Event "49° Campionato Italiano Assoluto ASCID"]
[Site "Rivabella (RN)"]
[Date "2022.09.01"]
[Round "5"]
[White "Ionata, Lorenzo"]
[Black "Trapletti, Cosetta"]
[Result "1-0"]
[Board "8"]
[WhiteElo "999"]
[BlackElo "1245"]
[TimeControl "40/6000+30:1200+30"]
[ECO "D30"]
[Opening "Queen's gambit declined"]
[PlyCount "81"]
[EventRounds "7"]
[EventCountry "ITA"]
[Annotator "Bersca0.53"]

1. d4 d5 2. c4 e6 3. Bf4 Nf6 4. Nc3 h6 5. Nf3 c5 6. e3 Nc6 7. Bd3 Be7 8.
O-O O-O 9. Re1 Bd6 10. Ne5 Re8 11. Qf3 cxd4 12. Qg3 Qc7 13. Bxh6 g6 14. Nb5
Ne7 15. Nxc7 Nh5 16. Qg5 f6 17. Qg4 Bxe5 18. Bxg6 Ng7 19. Bxe8 Nf5 20. Nxe6
Bxe6 21. e4 dxe4 22. Bd2 Rxe8 23. Qg6 Rc8 24. Rxe4 Rxc4 25. g4 Nh4 26. Qh6
Nf3+ 27. Kg2 Nxd2 28. Qxd2 Kf7 29. Qa5 a6 30. g5 Kg6 31. gxf6 Kxf6 32.
Qxe5+ Kf7 33. Rf4+ Nf5 34. Re1 Rc6 35. h4 b6 36. h5 Rc8 37. h6 Rg8+ 38. Kf3
Kg6 39. Qxe6+ Kg5 40. Rxf5+ Kh4 41. Rh1# 1-0

[Event "49° Campionato Italiano Assoluto ASCID"]
[Site "Rivabella (RN)"]
[Date "2022.09.01"]
[Round "5"]
[White "Parravano, Luca"]
[Black "Balsamo, Selida"]
[Result "1-0"]
[Board "9"]
[WhiteElo "999"]
[BlackElo "999"]
[TimeControl "40/6000+30:1200+30"]
[ECO "D02"]
[Opening "Queen's pawn game, Chigorin variation"]
[PlyCount "79"]
[EventRounds "7"]
[EventCountry "ITA"]
[Annotator "Bersca0.53"]

1. d4 d5 2. Nf3 Nc6 3. c3 Nf6 4. Bf4 e6 5. e3 Bd6 6. Ne5 Nxe5 7. dxe5 Be7 8. exf6 Bxf6 9. Bd3 e5 10. Bg3 d4 11. e4 Be6 12. c4 c5 13. Nd2 O-O 14. Qb3 b6
15. a4 a5 16. f4 Qd6 17. O-O g5 18. f5 Bd7 19. Qd1 Bxa4 20. Rxa4 h6 21. Qh5 Kg7 22. h4 gxh4 23. Qg4+ Bg5 24. Bxh4 f6 25. Bxg5 fxg5 26. Rf3 Rf6 27. Nf1
Raf8 28. Ng3 Qd7 29. Ra1 a4 30. Nh5+ Kh7 31. Nxf6+ Rxf6 32. Rh3 Qe8 33. Qxg5 Qf7 34. Rxa4 Qg7 35. Qxg7+ Kxg7 36. Rg3+ Kh7 37. Ra7+ Kh8 38. Rgg7 h5 39.
Rge7 h4 40. Re8+ 1-0

[Event "49° Campionato Italiano Assoluto ASCID"]
[Site "Rivabella (RN)"]
[Date "2022.09.01"]
[Round "5"]
[White "De Fazio, Monica"]
[Black "Gamba, Annamaria"]
[Result "0-1"]
[Board "10"]
[WhiteElo "999"]
[BlackElo "999"]
[TimeControl "40/6000+30:1200+30"]
[ECO "D06"]
[Opening "QGD"]
[Variation "Marshall defence"]
[PlyCount "42"]
[EventRounds "7"]
[EventCountry "ITA"]
[Annotator "Bersca0.53"]

1. d4 d5 2. c4 Nf6 3. Nc3 c6 4. Bg5 h6 5. Bxf6 exf6 6. e3 Be7 7. Bd3 O-O 8. Nge2 f5 9. O-O Bg5 10. f4 Bh4 11. g3 Bf6 12. h4 Qe7 13. Qd2 Na6 14. cxd5 Nb4 15. dxc6 bxc6 16. Nd1 Nxd3 17. Qxd3 Bb7 18. Qxf5 Rad8 19. Qd3 c5 20. Qa3 Qe4 21. Qc3 Qg2# 0-1

[Event "49° Campionato Italiano Assoluto ASCID"]
[Site "Rivabella (RN)"]
[Date "2022.09.02"]
[Round "6"]
[White "Casadei, Marco"]
[Black "Badano, Giancarlo"]
[Result "1/2-1/2"]
[Board "1"]
[WhiteElo "1997"]
[BlackElo "1729"]
[TimeControl "40/6000+30:1200+30"]
[ECO "C54"]
[Opening "Giuoco piano"]
[PlyCount "39"]
[EventRounds "7"]
[EventCountry "ITA"]
[Annotator "Bersca0.53"]

1. e4 e5 2. Nf3 Nc6 3. Bc4 Bc5 4. c3 Nf6 5. d4 exd4 6. cxd4 Bb4+ 7. Bd2
Bxd2+ 8. Nbxd2 O-O 9. d5 Na5 10. Bd3 c5 11. Qc2 d6 12. O-O g6 13. Rfe1 b6
14. h3 Re8 15. Rad1 Nd7 16. a3 Ne5 17. Nxe5 dxe5 18. Nc4 Nxc4 19. Bxc4 Qd6
20. Bb5 1/2-1/2

[Event "49° Campionato Italiano Assoluto ASCID"]
[Site "Rivabella (RN)"]
[Date "2022.09.02"]
[Round "6"]
[White "Kowalczyk, Martin"]
[Black "Vrioni, Bersan"]
[Result "1/2-1/2"]
[Board "2"]
[WhiteElo "1872"]
[BlackElo "1925"]
[TimeControl "40/6000+30:1200+30"]
[ECO "B00"]
[Opening "King's pawn opening"]
[PlyCount "25"]
[EventRounds "7"]
[EventCountry "ITA"]
[Annotator "Bersca0.53"]

1. e4 d6 2. d4 e5 3. c3 Nf6 4. Nd2 Nc6 5. d5 Nb8 6. Bb5+ c6 7. dxc6 bxc6 8.
Bd3 d5 9. exd5 cxd5 10. Ne2 Bc5 11. Nb3 Bb6 12. O-O O-O 13. Bg5 1/2-1/2

[Event "49° Campionato Italiano Assoluto ASCID"]
[Site "Rivabella (RN)"]
[Date "2022.09.02"]
[Round "6"]
[White "Pezzolato, Erica"]
[Black "Poli, Diego"]
[Result "0-1"]
[Board "3"]
[WhiteElo "1462"]
[BlackElo "1665"]
[TimeControl "40/6000+30:1200+30"]
[ECO "A20"]
[Opening "English opening"]
[PlyCount "58"]
[EventRounds "7"]
[EventCountry "ITA"]
[Annotator "Bersca0.53"]

1. c4 e5 2. d3 Nf6 3. g3 d5 4. cxd5 Qxd5 5. Nf3 e4 6. Nc3 Bb4 7. Bd2 Bxc3 8. 
Bxc3 exf3 9. exf3 Qe6+ 10. Be2 O-O 11. O-O Qd6 12. f4 Bh3 13. Re1 Nc6 14. Bf3 
Nd5 15. Bg4 Nxc3 16. bxc3 Bxg4 17. Qxg4 Qxd3 18. Rac1 Rad8 19. Re3 Qd2 20. Ra1 
f5 21. Qf3 Rde8 22. a3 Rxe3 23. Qxe3 Qxe3 24. fxe3 Rd8 25. Kf2 Rd2+ 26. Kg1 Kf7 
27. h3 b6 28. g4 fxg4 29. hxg4 Na5 0-1

[Event "49° Campionato Italiano Assoluto ASCID"]
[Site "Rivabella (RN)"]
[Date "2022.09.02"]
[Round "6"]
[White "Soppelsa, Maurizio"]
[Black "Caputi, Giuliano"]
[Result "1/2-1/2"]
[Board "4"]
[WhiteElo "1617"]
[BlackElo "1732"]
[TimeControl "40/6000+30:1200+30"]
[ECO "E12"]
[Opening "Queen's Indian"]
[Variation "4.Nc3"]
[PlyCount "60"]
[EventRounds "7"]
[EventCountry "ITA"]
[Annotator "Bersca0.53"]

1. d4 Nf6 2. c4 e6 3. Nf3 b6 4. Nc3 Bb7 5. Bg5 Be7 6. e3 O-O 7. Be2 d5 8. cxd5
Nxd5 9. Bxe7 Qxe7 10. O-O Nd7 11. Re1 c5 12. Nxd5 Bxd5 13. Rc1 Rfd8 14. Bc4
Bxc4 15. Rxc4 b5 16. Rc2 c4 17. b3 Nb6 18. bxc4 Nxc4 19. Nd2 Nxd2 20. Rxd2 a5
21. Qb3 b4 22. Rb1 Rdc8 23. Rd3 Qb7 24. h3 Qb5 25. Qd1 Qc4 26. Rdb3 Rab8 27.
Qd2 Qc2 28. Qxc2 Rxc2 29. a3 Kf8 30. axb4 axb4 1/2-1/2

[Event "49° Campionato Italiano Assoluto ASCID"]
[Site "Rivabella (RN)"]
[Date "2022.09.02"]
[Round "6"]
[White "Tolaro, Filippa"]
[Black "Bellati, Fabio"]
[Result "1-0"]
[Board "7"]
[WhiteElo "1335"]
[BlackElo "999"]
[TimeControl "40/6000+30:1200+30"]
[ECO "A06"]
[Opening "Reti opening"]
[PlyCount "42"]
[EventRounds "7"]
[EventCountry "ITA"]

1. Nf3 d5 2. d4 Bf5 3. e3 e6 4. b3 c5 5. Bb2 Nf6 6. Nbd2 Nbd7 7. Be2 Ne4 8.
O-O Nxd2 9. Qxd2 Nf6 10. Qd1 Rc8 11. Bb5+ Nd7 12. Ne5 Rc7 13. Bxd7+ Rxd7
14. Nxd7 Qxd7 15. a4 cxd4 16. Bxd4 b6 17. a5 Qc7 18. axb6 axb6 19. Ra8+ Kd7
20. c4 Qb7 21. Qa1 f6 1-0